 Dungeon Crawl Stone Soup version 0.16-a0-890-g98fc465 (webtiles) character file.

1246 Chiseanne the Magician (level 8, -1/36 HPs)
             Began as a Spriggan Conjurer on Sept 29, 2014.
             Was a Follower of Cheibriados.
             Slain by a worker ant (8 damage)
             ... on Level 7 of the Dungeon.
             The game lasted 00:28:28 (5038 turns).

Chiseanne the Magician (Spriggan Conjurer)          Turns: 5038, Time: 00:28:29

HP  -1/36        AC  6     Str  5      XL: 8   Next: 25%
MP  26/26        EV 23     Int 22      God: Cheibriados [*.....]
Gold 48          SH  0     Dex 19      Spells:  4 memorised, 10 levels left

rFire  . . .     SeeInvis +     a - +0 club (venom)
rCold  . . .     Clarity  .     o - +1 robe {rPois}
rNeg   + . .     rCorr    .     (shield restricted)
rPois  +         rRot     .     (helmet restricted)
rElec  .         Spirit   .     k - +2 cloak
SustAb .         Warding  +     (gloves unavailable)
rMut   .         Stasis   .     (boots unavailable)
Gourm  .                        m - amulet of warding
MR     ++...                    (no ring)
                                i - ring of regeneration

@: about to teleport, very resistant to hostile enchantments, fairly stealthy
A: unfitting armour, see invisible, herbivore 3, speed 3, magic resistance 1,
slow metabolism 2, spit poison 1, weak 1
a: Spit Poison, Bend Time, Renounce Religion


You were on level 7 of the Dungeon.
You worshipped Cheibriados.
Cheibriados was aware of your devotion.
You were full.

You visited 1 branch of the dungeon, and saw 9 of its levels.

You collected 227 gold pieces.
You spent 179 gold pieces at shops.

Inventory:

Hand weapons
 a - a +0 club of venom (weapon)
 r - a +3 hunting sling of velocity
 s - a +1 mace of protection
 t - a +0 quarterstaff
 E - a +1 vampiric dagger
Missiles
 q - 3 throwing nets (quivered)
 u - 18 poisoned needles
 C - 40 sling bullets
 F - 2 tomahawks
Armour
 k - a +2 cloak (worn)
 o - a +1 robe of poison resistance (worn)
Magical devices
 p - a wand of fire (2)
 z - a wand of confusion (8)
 A - a wand of cold (3)
 H - a wand of magic darts (6) {unknown}
Comestibles
 n - 3 bread rations
Scrolls
 d - 2 scrolls of amnesia
 y - a scroll of magic mapping
 G - a scroll of enchant armour
Jewellery
 i - a ring of regeneration (left hand)
 m - an amulet of warding (around neck)
 B - an uncursed ring of teleportation
Potions
 b - a potion of porridge
 f - a potion of heal wounds
 h - a potion of invisibility
 l - 2 potions of curing
 v - a potion of decay {unknown}
 w - a potion of agility {unknown}
Books
 c - a book of Conjurations

   Spells                             Type                      Level
   *Magic Dart                        Conjuration                  1
   *Searing Ray                       Conjuration                  2
   Dazzling Spray                     Conjuration/Hexes            3
   Fulminant Prism                    Conjuration/Hexes            4
   *Iskenderun's Mystic Blast         Conjuration                  4
   *Iskenderun's Battlesphere         Conjuration/Charms           5
 e - Sif Muna's Grimoire of Arcane Weapons
   (You found it on level 3 of the Dungeon)

   Spells                             Type                      Level
   Shock                              Conjuration/Air              1
 x - a book of the Dragon

   Spells                             Type                      Level
   Flight                             Charms/Air                   3
   Cause Fear                         Hexes                        4
   Bolt of Fire                       Conjuration/Fire             6
   Dragon Form                        Transmutation                7
   Dragon's Call                      Summoning                    9
 D - a book of Power

   Spells                             Type                      Level
   Fulminant Prism                    Conjuration/Hexes            4
   *Iskenderun's Mystic Blast         Conjuration                  4
   Venom Bolt                         Conjuration/Poison           5
   Bolt of Magma                      Conjuration/Fire/Earth       5
   Iron Shot                          Conjuration/Earth            6
   Orb of Destruction                 Conjuration                  7
Magical staves
 g - an uncursed staff of poison {unknown}


   Skills:
 * Level 6.8 Dodging
 - Level 3.0 Stealth
 * Level 7.5 Spellcasting
 * Level 5.3 Conjurations
 * Level 3.0 Invocations


You had 10 spell levels left.
You knew the following spells:

 Your Spells              Type           Power        Failure   Level  Hunger
a - Magic Dart            Conj           ####         1%          1    None
b - Searing Ray           Conj           ####..       1%          2    None
c - Iskenderun's Mystic   Conj           ####....     12%         4    ###....
d - Iskenderun's Battles  Conj/Chrm      ###.....     75%         5    ####...


Dungeon Overview and Level Annotations

Branches:
Dungeon (9/15)                Orc (0/4) D:9
 Temple: D:4-7         Lair: D:8-11

Altars:
Cheibriados
Makhleb
Sif Muna
Trog
Xom
The Shining One

Shops:
D:4 *


Innate Abilities, Weirdness & Mutations

You are tiny and cannot use many weapons and most armour.
You have supernaturally acute eyesight.
You are a herbivore.
You cover ground extremely quickly.
You need consume almost no food.
You are resistant to hostile enchantments.
You can spit poison.
You are weak. (Str -2)


Message History

There is an escape hatch in the ceiling here.
The yak completely misses you. The yak misses you.
A mysterious force pulls you upwards. The hatch slams shut behind you.
The worker ant twitches its antennae in your direction.
Found a stone staircase leading up.
You closely miss the yak.
The yak is almost dead.
The yak completely misses you. The yak gores you! The yak misses you.
The yak completely misses you. x2
There is a stone staircase leading up here.
The yak gores you!
* * * LOW HITPOINT WARNING * * *
The worker ant misses you.
You climb upwards.
There is a stone staircase leading down here.
Read which item? (? for menu, Esc to quit)
As you read the scroll of teleportation, it crumbles to dust.
You feel strangely unstable. The worker ant completely misses you.
The yak barely misses you. The worker ant bites you!
You die...

###
#@#
#.aY#
#.♣.#
#. .#
#. ##
.# .
♣.


You could see a yak and a worker ant.

Vanquished Creatures
  The ghost of Ololoev the Chucker, an average OgHu of Xom (D:3)
  A water moccasin (D:4)
  An ice beast (D:6)
  A black bear (D:6)
  An ogre (D:5)
  A black bear zombie (D:5)
  2 hounds (D:4)
  An iguana (D:6)
  4 orc priests
  5 orc wizards
  3 worker ants
  A black bear skeleton (D:4)
  A hound skeleton (D:4)
  3 giant mites
  13 adders
  A shadow imp (D:5)
  A worm (D:4)
  An adder skeleton (D:4)
  An orc skeleton (D:4)
  10 orcs
  2 ball pythons
  2 bat skeletons (D:4)
  A bat zombie (D:6)
  6 giant cockroaches
  8 goblins
  7 hobgoblins
  4 quokkas
  8 bats
  4 giant geckos
  2 giant newts
  A goblin skeleton (D:9)
  11 kobolds
  A kobold skeleton (D:4)
  2 orc zombies (D:9)
  9 rats
121 creatures vanquished.

Notes
Turn   | Place    | Note
--------------------------------------------------------------
     0 | D:1      | Chiseanne, the Spriggan Conjurer, began the quest for the Orb.
     0 | D:1      | Reached XP level 1. HP: 9/9 MP: 4/4
     3 | D:1      | Learned a level 1 spell: Magic Dart
   189 | D:1      | Gained mutation: You are weak. (Str -2) [potion of mutation]
   189 | D:1      | Gained mutation: You can spit poison. [potion of mutation]
   331 | D:1      | You fall through a shaft!
   399 | D:1      | Reached XP level 2. HP: 13/13 MP: 3/7
   403 | D:1      | Learned a level 2 spell: Searing Ray
  1039 | D:2      | Reached XP level 3. HP: 16/16 MP: 2/11
  1517 | D:2      | Found a snail-covered altar of Cheibriados.
  1551 | D:2      | Became a worshipper of Cheibriados the Contemplative
  1564 | D:2      | Found a burning altar of Makhleb.
  1564 | D:2      | Found a shimmering altar of Xom.
  1802 | D:3      | Found a deep blue altar of Sif Muna.
  1844 | D:3      | Reached skill level 4 in Dodging
  1904 | D:3      | Reached XP level 4. HP: 13/21 MP: 8/15
  2026 | D:3      | Identified Sif Muna's Grimoire of Arcane Weapons
  2154 | D:3      | Reached skill level 1 in Invocations
  2289 | D:3      | Noticed Ololoev's ghost (average OgHu)
  2437 | D:3      | Killed Ololoev's ghost
  2437 | D:3      | Reached skill level 5 in Spellcasting
  2437 | D:3      | Reached XP level 5. HP: 12/24 MP: 7/19
  2437 | D:3      | Reached XP level 6. HP: 14/28 MP: 7/21
  2494 | D:3      | Learned a level 4 spell: Iskenderun's Mystic Blast
  2500 | D:3      | Learned a level 5 spell: Iskenderun's Battlesphere
  2658 | D:4      | Found Zefeav's Serpentskin Sales.
  2658 | D:4      | Noticed a water moccasin
  2681 | D:4      | Killed a water moccasin
  2681 | D:4      | Reached skill level 6 in Spellcasting
  2719 | D:4      | Bought a +0 club of venom for 44 gold pieces
  2766 | D:4      | Reached XP level 7. HP: 32/32 MP: 12/24
  3028 | D:4      | Found a bloodstained altar of Trog.
  3054 | D:4      | Reached skill level 5 in Dodging
  3542 | D:5      | Entered Level 5 of the Dungeon
  3923 | D:5      | Reached skill level 5 in Conjurations
  4299 | D:6      | Found a glowing golden altar of the Shining One.
  4323 | D:6      | Gained mutation: You are resistant to hostile enchantments. [potion of beneficial mutation]
  4331 | D:6      | Reached skill level 7 in Spellcasting
  4404 | D:4      | Bought a +1 robe of poison resistance for 135 gold pieces
  4463 | D:6      | Reached XP level 8. HP: 36/36 MP: 11/26
  4896 | D:6      | You fall through a shaft for 3 floors!
  4955 | D:9      | Found a staircase to the Orcish Mines.
  5038 | D:7      | Slain by a worker ant

Action                   |  1- 3 |  4- 6 |  7- 9 || total
-------------------------+-------+-------+-------++-------
Melee: Unarmed           |     1 |       |       ||     1
       Dagger            |    42 |       |       ||    42
       Quarterstaff      |       |     7 |       ||     7
       Club              |       |     2 |    19 ||    21
 Cast: Magic Dart        |    74 |    58 |   108 ||   240
       Searing Ray       |       |     5 |    18 ||    23
       Iskenderun's Myst |       |       |     7 ||     7
Evoke: Wand              |     1 |     5 |     2 ||     8
  Use: Scroll            |     9 |     3 |     6 ||    18
       Potion            |     1 |     1 |     3 ||     5
 Stab: Sleeping          |     1 |       |       ||     1
  Eat: Fruit             |       |       |     8 ||     8
